 Dungeon Crawl Stone Soup version 0.26-a0-1184-g95e395e029 (webtiles) character file.

Game seed: 12458225668096531592

443 jestyr24 the Digger (level 6, -14/48 HPs)
             Began as a Draconian Earth Elementalist on Dec 27, 2020.
             Demolished by an ogre
             ... wielding a +0 giant spiked club
              (19 damage)
             ... on level 5 of the Dungeon.
             The game lasted 00:27:05 (5470 turns).

jestyr24 the Digger (Draconian Earth Elementalist)  Turns: 5470, Time: 00:27:06

Health: -14/48     AC:  6    Str:  8      XL:     6   Next: 71%
Magic:  14/21      EV: 12    Int: 17      God:
Gold:   79         SH:  0    Dex: 11 (12) Spells: 9/13 levels left

rFire    . . .     SeeInvis +   d - +3 war axe "Pampaera" {drain, rPois Str-2 SInv} (curse)
rCold    . . .     Faith    .   (no shield)
rNeg     . . .     Spirit   .   (armour unavailable)
rPois    +         Reflect  .   (helmet restricted)
rElec    .         Harm     .   (no cloak)
rCorr    .         Rampage  .   (no gloves)
Will     .....                  (no boots)
Stlth    ++........             (no amulet)
HPRegen  0.16/turn              s - ring of magical power
MPRegen  0.17/turn              (no ring)

@: no status effects
A: unfitting armour, deterioration 1, cold-blooded, AC +6
a: no special abilities


You were on level 5 of the Dungeon.
You visited 1 branch of the dungeon, and saw 6 of its levels.

You collected 334 gold pieces.
You spent 255 gold pieces at shops.

Inventory:

Hand Weapons
 d - the cursed +3 war axe "Pampaera" (weapon) {drain, rPois Str-2 SInv}
   (You bought it in a shop on level 5 of the Dungeon)

   A truly terrible weapon, it drains the life of those it strikes.
   It affects your strength (-2).
   It protects you from poison.
   It lets you see invisible.
   It has a curse placed upon it.
 q - a +1 rapier of speed
 r - a +0 flail of protection
 v - a +2 dagger of flaming
 z - a +0 long sword
Missiles
 b - 164 stones (quivered)
 o - 4 curare-tipped darts
Armour
 n - a +1 tower shield
Jewellery
 s - a ring of magical power (left hand)
Wands
 i - a wand of polymorph (1)
 t - a wand of acid (6)
Scrolls
 a - a scroll of amnesia
 c - 2 scrolls of remove curse
 h - 3 scrolls of fear
 j - a scroll of identify
 l - 2 scrolls of teleportation


   Skills:
 - Level 1.7 Fighting
 - Level 0.1 Short Blades
 - Level 0.3 Maces & Flails
 - Level 2.4 Dodging
 - Level 2.5 Stealth
 * Level 4.0 Spellcasting
 * Level 2.0 Conjurations
 * Level 1.1 Transmutations
 * Level 4.9 Earth Magic


You had 9 spell levels left.
You knew the following spells:

 Your Spells              Type           Power        Failure   Level
a - Sandblast             Erth           40%          1%          1
b - Stone Arrow           Conj/Erth      30%          11%         3

Your spell library contained the following spells:

 Spells                   Type           Power        Failure   Level
 Passwall                 Tmut/Erth      10%          7%          2
 Corona                   Hex            3%           16%         1
 Ensorcelled Hibernation  Hex/Ice        6%           24%         2
 Dazzling Flash           Conj/Hex       12%          30%         3
 Petrify                  Tmut/Erth      13%          41%         4
 Confusing Touch          Hex            3%           43%         3
 Tukima's Dance           Hex            3%           43%         3
 Lee's Rapid Deconstruct  Erth           10%          50%         5


Dungeon Overview and Level Annotations

Branches:
Dungeon (6/15)
 Temple: D:4-7

Altars:
Uskayaw

Shops:
D:5 (   D:6 ?

Annotations:
D:6 Dowan


Innate Abilities, Weirdness & Mutations

Your plain brown scales are hard. (AC +6)
You cannot fit into any form of body armour.
You are cold-blooded and may be slowed by cold attacks.
Your body sometimes deteriorates upon taking damage.


Message History

You closely miss the worker ant. You tail-slap the worker ant.
The worker ant is moderately wounded.
The worker ant barely misses you. x2
Your magical contamination has completely faded away.
You feel better. The worker ant misses you.
You completely miss the worker ant.
The worker ant is moderately wounded.
The worker ant barely misses you. The worker ant bites you.
You slash the worker ant! You drain the worker ant.
You kill the worker ant!
The ogre hits you with a +0 giant spiked club!
Your Conjurations skill increases to level 2!
You hit the ogre.
The ogre is heavily wounded.
The ogre hits you with a +0 giant spiked club!
* * * LOW HITPOINT WARNING * * *
You barely miss the ogre.
The ogre is heavily wounded.
The ogre hits you with a +0 giant spiked club!!
You die...

##...## #.≈..≈..!....#
#.....## #.(≈≈........#
.......## ##...$........#
........####...............
........'..................
>.....?.####...#B.##.###...
.......## ##. #S## .# ##
#.....## #. #O# .#
##...########.##@###.#
##'##.......#........#
.'∩'..#####.###.#.####
.#'#..# #.#.._..#
.#..#.#####.#.#.###
......##.........#
#....)##.##.######
##....##.##.# ........#[#.#


You could see an ogre, a worker ant and an adder.

Vanquished Creatures
  2 hounds
  A jelly (D:2)
  2 orc wizards (D:3)
  Terence (D:3)
  A worker ant (D:5)
  A hound skeleton (D:5)
  A worker ant zombie (D:5)
  9 adders
  3 white imps
  An adder zombie (D:6)
  3 worms (D:2)
  2 dart slugs (D:1)
  3 leopard geckos
  23 orcs
  7 bats
  3 giant cockroaches
  7 goblins
  9 hobgoblins
  6 kobolds
  A ball python (D:3)
  5 frilled lizards
  3 rats
94 creatures vanquished.

Notes
Turn   | Place    | Note
-------+----------+-------------------------------------------
     0 | D:1      | jestyr24 the Draconian Earth Elementalist began the quest
                  | for the Orb.
     0 | D:1      | Reached XP level 1. HP: 14/14 MP: 3/3
   187 | D:1      | Reached XP level 2. HP: 9/20 MP: 1/5
   884 | D:1      | Reached XP level 3. HP: 8/27 MP: 0/6
  1480 | D:1      | Learned a level 3 spell: Stone Arrow
  2267 | D:2      | Reached skill level 1 in Fighting
  2267 | D:2      | Reached XP level 4. HP: 31/35 MP: 6/8
  2802 | D:3      | Reached XP level 5. HP: 13/40 MP: 2/9
  3149 | D:3      | Reached skill level 1 in Conjurations
  3932 | D:3      | Reached XP level 6. HP: 36/48 MP: 11/11
  4043 | D:3      | Noticed Terence
  4050 | D:3      | Killed Terence
  4394 | D:4      | You fall into a shaft and drop 2 floors!
  4395 | D:6      | Noticed Dowan
  4404 | D:6      | Found Febrex's Magic Scroll Shoppe.
  4531 | D:5      | Entered Level 5 of the Dungeon
  5001 | D:5      | Gained mutation: Your body sometimes deteriorates upon
                  | taking damage. [potion of mutation]
  5001 | D:5      | Gained mutation: Your spells are a little easier to cast,
                  | but a little less powerful. [potion of mutation]
  5001 | D:5      | Lost mutation: Your spells are a little easier to cast, but
                  | a little less powerful. [potion of mutation]
  5190 | D:5      | Found Baoxkous's Antique Weapon Shoppe.
  5198 | D:5      | Bought an iridescent war axe for 255 gold pieces
  5198 | D:5      | Identified the cursed +3 war axe "Pampaera" {drain, rPois
                  | Str-2 SInv} (You bought it in a shop on level 5 of the
                  | Dungeon)
  5432 | D:5      | Found a hide-covered altar of Uskayaw.
  5470 | D:5      | Demolished by an ogre

Illustrated notes

Levels and vault maps discovered:
D:1:      saegor_arrival_simple_e, layout_loops_ring, minmay_tree_intersection,
          minmay_split_cup_small
D:2:      layout_loops_ring
D:3:      layout_basic, uniq_terence
D:4:      layout_rooms, uniq_menkaure, uniq_eustachio
D:5:      cheibrodos_helix_gallery, layout_loops_corners, lemuel_crystal_altar,
          serial_shops, kennysheep_mini
D:6:      layout_basic, nemelex_xobeh_ov_fountains_minmay, lemuel_doored_altar,
          serial_shops, shop, xom_redecorated, uniq_duvessa

Skill      XL: |  1  2  3  4  5  6 |
---------------+-------------------+-----
Dodging        | 2 |  2.4
Stealth        | 2 |  2.5
Fighting       | 1 |  1.7
Spellcasting   | 3 4 |  4.0
Conjurations   | 1 2 |  2.0
Earth Magic    | 4 |  4.9
Short Blades   | |  0.1
Maces & Flails | |  0.3
Transmutations | |  1.1

Action                   |  1- 3 |  4- 6 || total
-------------------------+-------+-------++-------
Melee: Club              |    42 |       ||    42
       Unarmed           |     6 |       ||     6
       Tailslap          |     2 |    10 ||    12
       Short sword       |    41 |    14 ||    55
       Rapier            |       |   175 ||   175
       War axe           |       |    16 ||    16
 Cast: Sandblast         |    29 |    24 ||    53
       Stone Arrow       |       |    23 ||    23
  Use: Scroll            |       |     8 ||     8
       Potion            |       |     7 ||     7
 Stab: Sleeping          |     4 |     2 ||     6
Armor: Skin              |    29 |    76 ||   105
Dodge: Dodged            |    83 |   140 ||   223

Table legend: (Time is in decaauts)
 A = Elapsed time spent in this place.
 B = Non-inter-level travel time spent in this place.
 C = Inter-level travel time spent in this place.
 D = Time resting spent in this place.
 E = Time spent auto-exploring this place.
 F = Levels seen in this place.
 G = Mean time per level.
                   A        B        C        D        E       F      G
               +--------+--------+--------+--------+--------+-----+--------+
         Total |   5456 |   5315 |    141 |   2011 |   1990 |   6 |  909.3 |
       Dungeon |   5456 |   5315 |    141 |   2011 |   1990 |   6 |  909.3 |
               +--------+--------+--------+--------+--------+-----+--------+

Top non-repeatable levels by time:
     D:3: 1625 daAuts
     D:1: 1528 daAuts
     D:2: 1169 daAuts
     D:5: 941 daAuts
     D:6: 135 daAuts
     D:4: 56 daAuts
